 Dungeon Crawl Stone Soup version 0.24-a0-368-g0e0cebd0f3 (webtiles) character file.

Game seed: 12189817711262399640

48166 ohad the Black Belt (level 14, -26/177 HPs)
             Began as an Octopode Transmuter on May 29, 2019.
             Was an Initiate of Gozag.
             Annihilated by a tyrant leech (30 damage)
             ... on level 6 of the Lair of Beasts.
             The game lasted 00:46:44 (19674 turns).

ohad the Black Belt (Octopode Transmuter)          Turns: 19674, Time: 00:46:45

Health: -26/177    AC:  7    Str: 14    XL:     14   Next: 45%
Magic:  34/34      EV: 17    Int: 20    God:    Gozag
Gold:   861        SH:  0    Dex: 18    Spells: 13/27 levels left

rFire    x . .     SeeInvis .     - Unarmed
rCold    + + +     Gourm    .   (shield currently unavailable)
rNeg     . . .     Faith    .   (helmet currently unavailable)
rPois    +         Spirit   .   y - amulet of regeneration
rElec    .         Reflect  .   C - ring of magical power
rCorr    .         Harm     .   f - +5 ring of dexterity
MR       +....                  (no ring)
Stlth    ..........             (no ring)
HPRegen  0.79/turn              (no ring)
MPRegen  0.24/turn              (no ring)
                                (no ring)
                                (no ring)

@: berserking, lethally poisoned (-26 -> -26), ice-form, gold aura, very quick
A: large, almost no armour, stealthy swim, amphibious, 8 rings, (constrict 8)
a: End Transformation, Potion Petition, Call Merchant, Bribe Branch, Renounce
Religion


You were on level 6 of the Lair of Beasts.
You worshipped Gozag.
Gozag was pleased with you.
You were not hungry.
You were a creature of crystalline ice.
You visited 3 branches of the dungeon, and saw 17 of its levels.

You collected 4081 gold pieces.
You spent 176 gold pieces at shops.
You paid 3044 gold pieces to Gozag.

Inventory:

Hand Weapons
 u - the cursed +0 war axe of ohad's Doom {flame, Dex+4, unknown}
   (You found it on level 5 of the Dungeon)

   It has been specially enchanted to burn those struck by it, causing extra
   injury to most foes and up to half again as much damage against particularly
   susceptible opponents.
   Big, fiery blades are also staple armaments of hydra-hunters.
   It affects your dexterity (+4).
   It has a curse placed upon it.
 w - a +1 dagger of venom
 x - the cursed +1 short sword of Noegapna {pierce, +Inv Dex+4, unknown}
   (You found it on level 5 of the Dungeon)

   It inflicts extra damage upon your enemies.
   It affects your dexterity (+4).
   It lets you turn invisible.
   It has a curse placed upon it.
 z - a +4 quarterstaff of chaos
Missiles
 a - 162 arrows
 d - 100 bolts
 h - 8 curare-tipped darts (quivered)
 l - a throwing net
 m - 57 poisoned darts
 p - 7 atropa-tipped darts
 L - 8 javelins
Jewellery
 e - a cursed amulet of inaccuracy {unknown}
 f - a +5 ring of dexterity (right front paw)
 y - an amulet of regeneration (around neck)
 C - a ring of magical power (left front paw)
 J - an uncursed amulet of rage
 K - an uncursed amulet of guardian spirit {unknown}
Wands
 o - a wand of scattershot (4)
 t - a wand of enslavement (18)
 v - a wand of disintegration (21)
 D - a wand of paralysis (4)
 H - a wand of random effects (25)
 N - a wand of flame (9)
Scrolls
 b - 5 scrolls of teleportation
 g - 7 scrolls of amnesia
 i - 7 scrolls of remove curse
 q - 9 scrolls of enchant armour
 r - 3 scrolls of fear
 s - 2 scrolls of enchant weapon
 E - 3 scrolls of holy word
 F - 2 scrolls of blinking
Potions
 j - 2 potions of invisibility
 k - 10 potions of curing
 n - 3 potions of brilliance
 A - 2 potions of resistance
 B - 2 potions of mutation
 G - 3 potions of lignification
 I - a potion of haste {unknown}
 M - 2 potions of cancellation
 P - 2 potions of might
Miscellaneous
 O - a crystal ball of energy
Comestibles
 c - 18 rations


   Skills:
 - Level 10.1 Fighting
 - Level 10.0 Dodging
 - Level 4.5 Stealth
 + Level 16.5 Unarmed Combat
 - Level 7.3 Spellcasting
 - Level 6.9 Transmutations
 - Level 4.4 Ice Magic


You had 13 spell levels left.
You knew the following spells:

 Your Spells              Type           Power        Failure   Level  Hunger
b - Sticks to Snakes      Tmut           #####...     1%          2    None
c - Spider Form           Tmut/Pois      ###.......   7%          3    #......
d - Ice Form              Ice/Tmut       ####....     9%          4    ###....
e - Blade Hands           Tmut           #####.....   14%         5    #####..

Your spell library contained the following spells:

 Spells                   Type           Power        Failure   Level  Hunger
 Beastly Appendage        Tmut           #####.       1%          1    None
 Animate Skeleton         Necr           N/A          9%          1    None
 Apportation              Tloc           #.....       9%          1    None
 Confusing Touch          Hex            #.....       9%          1    None
 Summon Small Mammal      Summ           #...         9%          1    None
 Yara's Violent Unravell  Hex/Tmut       ###.......   52%         5    #####..
 Cause Fear               Hex            #.........   65%         4    ###....
 Silence                  Hex/Air        #.........   94%         5    #####..
 Deflect Missiles         Chrm/Air       #.........   100%        6    ######.
 Discord                  Hex            #.........   100%        8    #######


Dungeon Overview and Level Annotations

Branches:
Dungeon (10/15)            Temple (1/1) D:4            Lair (6/6) D:9
  Swamp (0/4) Lair:4        Snake (0/4) Lair:2          Orc (0/2) D:10
  Slime: Lair:5-6

Altars:
Ashenzari
Cheibriados
Dithmenos
Elyvilon
Fedhas
Gozag
Hepliaklqana
Kikubaaqudgha
Makhleb
Nemelex Xobeh
Okawaru
Qazlal
Ru
Sif Muna
Trog
Uskayaw
Vehumet
Wu Jian
Xom
Yredelemnul
Zin
The Shining One

Shops:
Lair:5 *

Annotations:
Lair:1 1 runed translucent door, conein's ghost, journeyman DDFi
Lair:6 1 runed translucent door, exclusion: 2 oklob plants


Innate Abilities, Weirdness & Mutations

You cannot wear most types of armour.
You are very stealthy in the water. (Stealth+)
You are amphibious.
You can wear up to eight rings at the same time.
((You can use your tentacles to constrict eight enemies at once.))
((Your skin changes colour to match your surroundings (Stealth+).))
((Your rubbery body absorbs attacks. (AC +1, EV +1)))


Message History

Unknown command.
You hit the tyrant leech. You freeze the tyrant leech.
You kill the tyrant leech!
Unknown command.
A tyrant leech comes into view.
You feel sick.
You see here 30 gold pieces.
You pummel the tyrant leech!! You freeze the tyrant leech!
The tyrant leech is almost dead.
The tyrant leech bites you!
* * * LOW HITPOINT WARNING * * *
The tyrant leech draws strength from your injuries!
You completely miss the tyrant leech.
The tyrant leech is severely wounded.
You are too berserk!
You punch the tyrant leech! You freeze the tyrant leech.
The tyrant leech is almost dead.
You feel sick. The tyrant leech bites you!!
You die...
Your body crumbles into a pile of gold.

##$$ #####..##
#$$$$ #....#
#$$$$$ ##..### .
#$.$$ ##..## ..
$$###....# ## ...
#+#...### #. ....
##...### ###
.#....# #.⌠.##.#
#.##.w...# $
###...#####Y....#
#....#.#.w..###
###........##
###.P.##.#
########


You could see 2 tyrant leeches.

Vanquished Creatures
  6 hydras
  A two-headed ogre (D:9)
  5 death yaks
  Urug (Lair:4)
  An unseen horror (D:10)
  Pikel (D:7)
  A lindwurm (Lair:6)
  12 elephants
  4 black mambas
  2 torpor snails (Lair:6)
  12 spiny frogs
  3 rime drakes
  10 komodo dragons
  2 trolls
  A tyrant leech (Lair:6)
  7 hornets
  Grinder (D:3)
  3 polar bears
  10 blink frogs
  9 hippogriffs
  Sigmund (D:3)
  A wyvern (D:10)
  25 yaks
  2 basilisks
  3 fire bats (Lair:2)
  A hungry ghost (D:8)
  Grum (Lair:1)
  3 nagas (Lair:2)
  4 swamp worms (Lair:4)
  2 wargs (Lair:6)
  4 hell hounds (Lair:6)
  A slave (D:7)
  6 water moccasins
  12 porcupines
  5 black bears (Lair:6)
  3 orc warriors
  2 sky beasts
  2 ice beasts
  An eye of draining (D:8)
  A necrophage (D:8)
  A phantom (D:6)
  3 ogres
  45 wolves
  6 centaurs
  20 crocodiles
  A big kobold (D:10)
  15 bullfrogs
  4 scorpions
  4 wights (D:9)
  A howler monkey (D:6)
  A bullfrog zombie (D:10)
  A centaur zombie (D:10)
  5 crimson imps
  7 orc priests
  A gnoll shaman (D:8)
  4 jellies
  Crazy Yiuf (D:6)
  A centaur skeleton (D:7)
  7 hounds
  7 orc wizards
  A bullfrog skeleton (D:4)
  4 iguanas
  3 worker ants
  A hound skeleton (D:8)
  2 worker ant zombies (D:6)
  11 gnolls
  12 adders
  2 shadow imps
  An adder skeleton (D:9)
  5 worms
  4 dart slugs
  7 leopard geckos
  40 orcs
  5 bats
  5 giant cockroaches
  3 hobgoblins
  11 jackals
  A quokka (D:9)
  2 ball pythons
  4 frilled lizards
  5 goblins
  13 kobolds
  9 rats
  2 fungi (Lair:2)
  2 plants
462 creatures vanquished.

Vanquished Creatures (collateral kills)
  A hydra (Lair:4)
  A two-headed ogre (D:10)
  Prince Ribbit (D:6)
  A hungry ghost (D:10)
4 creatures vanquished.

Vanquished Creatures (others)
  An orc (D:9)
  14 fungi
  38 plants
  4 toadstools (D:1)
57 creatures vanquished.

Grand Total: 523 creatures vanquished

Notes
Turn   | Place    | Note
-------+----------+-------------------------------------------
     0 | D:1      | ohad the Octopode Transmuter began the quest for the Orb.
     0 | D:1      | Reached XP level 1. HP: 13/13 MP: 3/3
   149 | D:1      | Reached XP level 2. HP: 17/18 MP: 5/5
   581 | D:1      | Reached XP level 3. HP: 23/23 MP: 6/6
   585 | D:1      | Learned a level 2 spell: Sticks to Snakes
   589 | D:1      | Learned a level 3 spell: Spider Form
  1608 | D:2      | Reached XP level 4. HP: 25/28 MP: 4/8
  1729 | D:2      | Found a white marble altar of Elyvilon.
  1729 | D:2      | Found a glowing golden altar of the Shining One.
  1730 | D:2      | Found a glowing silver altar of Zin.
  2326 | D:2      | Reached XP level 5. HP: 33/33 MP: 5/9
  2335 | D:2      | Learned a level 4 spell: Ice Form
  2716 | D:3      | Reached skill level 1 in Ice Magic
  3291 | D:3      | Noticed Grinder
  3335 | D:3      | Paralysed by Grinder for 2 turns
  3344 | D:3      | Killed Grinder
  3344 | D:3      | Reached XP level 6. HP: 16/38 MP: 4/10
  3589 | D:3      | Found a shimmering altar of Xom.
  3590 | D:3      | Found a shimmering altar of Xom.
  3591 | D:3      | Found a shimmering altar of Xom.
  3594 | D:3      | Found a shimmering altar of Xom.
  3594 | D:3      | Found a shimmering altar of Xom.
  3595 | D:3      | Found a shimmering altar of Xom.
  3595 | D:3      | Found a shimmering altar of Xom.
  3595 | D:3      | Found a shimmering altar of Xom.
  3691 | D:3      | Noticed Sigmund
  3993 | D:3      | Killed Sigmund
  3993 | D:3      | Reached XP level 7. HP: 43/43 MP: 2/13
  4335 | D:4      | Found a staircase to the Ecumenical Temple.
  4404 | Temple   | Entered the Ecumenical Temple
  5280 | D:4      | Reached XP level 8. HP: 50/50 MP: 9/14
  5395 | D:4      | Reached skill level 4 in Unarmed Combat
  5528 | D:4      | Found a hide-covered altar of Uskayaw.
  5569 | D:4      | Found a radiant altar of Vehumet.
  5570 | D:4      | Found a burning altar of Makhleb.
  5640 | D:5      | Entered Level 5 of the Dungeon
  5671 | D:5      | Learned a level 5 spell: Blade Hands
  5708 | D:5      | Found a glowing silver altar of Zin.
  5823 | D:5      | Found a blossoming altar of Fedhas.
  5828 | D:5      | Got a scorched war axe
  6090 | D:5      | Got a polished short sword
  6375 | D:5      | Found a sacrificial altar of Ru.
  6376 | D:5      | Found an iron altar of Okawaru.
  6458 | D:6      | Reached skill level 5 in Unarmed Combat
  6670 | D:6      | Reached skill level 1 in Stealth
  6687 | D:6      | Noticed Prince Ribbit
  6698 | D:6      | Killed Prince Ribbit
  6790 | D:6      | Found an opulent altar of Gozag.
  6794 | D:6      | Became a worshipper of Gozag Ym Sagoz the Greedy
  6899 | D:6      | Found a runed translucent door.
  6901 | D:6      | Noticed Crazy Yiuf
  6908 | D:6      | Killed Crazy Yiuf
  6908 | D:6      | Reached XP level 9. HP: 57/57 MP: 11/15
  7331 | D:7      | Reached skill level 6 in Unarmed Combat
  7350 | D:7      | Found a sparkling altar of Nemelex Xobeh.
  7684 | D:7      | Found a snail-covered altar of Cheibriados.
  7801 | D:7      | Noticed Pikel
  7824 | D:7      | Killed Pikel
  7824 | D:7      | Reached skill level 5 in Dodging
  7824 | D:7      | Reached skill level 7 in Unarmed Combat
  8152 | D:8      | Noticed a troll
  8274 | D:8      | Noticed a hornet
  8284 | D:8      | Reached skill level 8 in Unarmed Combat
  8501 | D:8      | Reached XP level 10. HP: 65/65 MP: 12/16
  8660 | D:8      | Reached skill level 5 in Fighting
  8887 | D:8      | Reached skill level 9 in Unarmed Combat
  9446 | D:9      | Noticed a death yak
  9632 | D:9      | Reached skill level 10 in Unarmed Combat
  9958 | D:9      | Noticed a two-headed ogre
  9971 | D:9      | Killed a two-headed ogre
 10027 | D:9      | Killed a death yak
 10027 | D:9      | Reached skill level 11 in Unarmed Combat
 10027 | D:9      | Reached XP level 11. HP: 51/74 MP: 17/17
 10136 | D:9      | Found a staircase to the Lair.
 10402 | D:10     | Entered Level 10 of the Dungeon
 10521 | D:10     | Killed an unseen horror
 10573 | D:10     | Noticed a two-headed ogre
 10581 | D:10     | Killed a two-headed ogre
 10581 | D:10     | Reached skill level 12 in Unarmed Combat
 11158 | D:10     | Found a staircase to the Orcish Mines.
 11338 | Lair:1   | Entered Level 1 of the Lair of Beasts
 11544 | Lair:1   | Found a runed translucent door.
 11546 | Lair:1   | Noticed conein's ghost (journeyman DDFi)
 11547 | Lair:1   | Identified the +6 trident of the Vanishing Beds {protect,
                  | *Rage MR+ Int+3}
 11848 | Lair:1   | Noticed Grum
 11856 | Lair:1   | Killed Grum
 12551 | Lair:2   | Noticed an eight-headed hydra
 12570 | Lair:2   | Killed an eight-headed hydra
 12570 | Lair:2   | Reached skill level 13 in Unarmed Combat
 12662 | Lair:2   | Reached XP level 12. HP: 81/81 MP: 18/18
 12856 | Lair:2   | You fall into a shaft and drop 2 floors!
 13569 | Lair:2   | Found a staircase to the Snake Pit.
 13878 | Lair:2   | Noticed a six-headed hydra
 13884 | Lair:2   | Killed a six-headed hydra
 13884 | Lair:2   | Reached skill level 14 in Unarmed Combat
 13887 | Lair:2   | Noticed a death yak
 14678 | Lair:2   | Killed a death yak
 14678 | Lair:2   | Reached skill level 5 in Spellcasting
 14678 | Lair:2   | Reached skill level 5 in Transmutations
 14834 | Lair:2   | Noticed a six-headed hydra
 14849 | Lair:2   | Killed a six-headed hydra
 15241 | Lair:3   | Reached XP level 13. HP: 85/89 MP: 22/22
 15261 | Lair:3   | HP: 3/89 [elephant (10)]
 15268 | Lair:3   | HP: 4/89 [elephant (11)]
 16363 | Lair:4   | Reached skill level 10 in Dodging
 16511 | Lair:4   | Noticed Urug
 16539 | Lair:4   | Killed Urug
 17075 | Lair:4   | Found a staircase to the Swamp.
 17083 | Lair:4   | Reached skill level 10 in Fighting
 18024 | Lair:5   | Reached skill level 15 in Unarmed Combat
 18027 | Lair:6   | Entered Level 6 of the Lair of Beasts
 18146 | Lair:6   | Reached XP level 14. HP: 87/99 MP: 25/25
 18347 | Lair:6   | Found a frozen archway.
 18662 | Lair:6   | Reached skill level 16 in Unarmed Combat
 18936 | Lair:6   | Paralysed by a hornet for 1 turns
 19155 | Lair:5   | Bought an inky potion for 18 gold pieces
 19155 | Lair:5   | Bought an inky potion for 18 gold pieces
 19155 | Lair:5   | Bought a scroll of identify for 40 gold pieces
 19155 | Lair:5   | Bought a potion of berserk rage for 100 gold pieces
 19478 | Lair:6   | Found a runed translucent door.
 19672 | Lair:6   | HP: 4/177 [tyrant leech (15)]
 19674 | Lair:6   | Annihilated by a tyrant leech

Levels and vault maps discovered:
D:1:      ldierk_walled_garden_2, layout_basic
D:2:      layout_basic, good_gods_mini_temple
D:3:      layout_rooms, xom_redecorated, serial_corexii_hall,
          corexii_hall_statues_u, chequers_hall_statues_wall_a,
          minmay_crystal_room, uniq_sigmund, uniq_grinder
D:4:      layout_gridville, grunt_temple_overflow_lords_of_destruction,
          overflow_temple_1_default, minmay_temple_entry_glass
D:5:      layout_basic, gammafunk_temple_overflow_statue, fedhas_altar_1,
          first_ration, basic_altar
D:6:      layout_basic, marbit_many_paths, uniq_crazy_yiuf_cottage,
          uniq_prince_ribbit1
D:7:      layout_basic, nemelex_xobeh_ov_fountains_minmay, slow_altar_1,
          uniq_pikel
D:8:      layout_loops_corners
D:9:      layout_roguey, david_lair_generic, serial_curves, eino_curves_04,
          eino_curves_04
D:10:     layout_long_grid, orc_0_dummy
Temple:   jpeg_temple_island
Lair:1:   beast_lair_carwin_large_4, layout_regular_city,
          ebering_ghost_funeral_grove, uniq_grum
Lair:2:   layout_long_grid, guppyfry_snake_entry_garden,
          nicolae_volcano_entry_batcave, hangedman_lair_generics_rect
Lair:3:   layout_cave_pods, beast_lair_carwin_4
Lair:4:   layout_gridlike, minmay_swamp_entry_worms, lemuel_fruit_tree,
          grunt_megastairs_1, infiniplex_staircase_pool_2, serial_bayou_shore_a,
          uniq_urug
Lair:5:   layout_cave_pods, slime_altar_1, st_stairs_12
Lair:6:   hangedman_lair_caniforms_friends, layout_big_grid, wormcave,
          portal_ice_cave_entry_pillars_1, st_stairs_11,
          minmay_lair_oklob_chamber

Skill      XL: |  1  2  3  4  5  6  7  8  9 10 11 12 13 14 |
---------------+-------------------------------------------+-----
Transmutations | 3 4 6 |  6.9
Spellcasting   | 3 4 6 7 |  7.3
Ice Magic      | 4 |  4.4
Fighting       | 2 3 4 6 7 8 10 | 10.1
Dodging        | 4 5 6 8 9 10 | 10.0
Unarmed Combat | 5 8 11 13 14 15 16 | 16.5
Stealth        | 4 |  4.5

Action                   |  1- 3 |  4- 6 |  7- 9 | 10-12 | 13-15 || total
-------------------------+-------+-------+-------+-------+-------++-------
Melee: Unarmed           |    78 |   102 |   294 |   554 |   481 ||  1509
       Constrict         |    16 |    11 |     8 |    10 |    13 ||    58
       Punch             |     3 |       |       |     2 |    18 ||    23
       Tentacles         |     8 |     8 |     8 |     6 |    31 ||    61
       Kick              |     2 |     5 |       |       |       ||     7
 Cast: Beastly Appendage |     5 |     4 |       |       |       ||     9
       Spider Form       |     4 |    10 |     1 |       |       ||    15
       Sticks to Snakes  |       |     4 |     3 |    22 |    11 ||    40
       Ice Form          |       |     2 |    26 |    58 |    29 ||   115
       Blade Hands       |       |       |       |       |    13 ||    13
Invok: Potion Petition   |       |       |       |     5 |     3 ||     8
       Call Merchant     |       |       |       |       |     1 ||     1
 Abil: End Transformatio |       |       |     1 |       |     4 ||     5
  Use: Scroll            |       |       |     4 |    18 |     5 ||    27
       Potion            |       |       |       |     2 |     4 ||     6
 Stab: Sleeping          |    11 |     1 |     5 |     5 |     9 ||    31
       Distracted        |       |       |     1 |     2 |     3 ||     6
  Eat: Chunk             |     2 |     9 |     8 |       |       ||    19
       Ration            |       |       |     6 |    10 |     7 ||    23
Armor: Skin              |     4 |     7 |    65 |    91 |    36 ||   203
Dodge: Dodged            |    62 |    61 |   146 |   391 |   332 ||   992

Table legend:
 A = Non-vault XP
 B = Vault XP
 C = Vault XP percentage of total XP
 D = Non-vault monster count
 E = Vault monster count
 F = Vault count percentage of total count
                 A         B        C        D         E       F
            +---------+---------+-------+---------+---------+-------
      Total |   46952 |   21857 |  31.8 |     373 |      88 |  19.1
            +---------+---------+-------+---------+---------+-------
        D:1 |      56 |       0 |   0.0 |      24 |       0 |   0.0
        D:2 |     144 |       0 |   0.0 |      28 |       0 |   0.0
        D:3 |      81 |     486 |  85.7 |      18 |       2 |  10.0
        D:4 |     640 |      48 |   7.0 |      19 |       1 |   5.0
        D:5 |     256 |       0 |   0.0 |       5 |       0 |   0.0
        D:6 |     399 |     273 |  40.6 |      11 |       2 |  15.4
        D:7 |     873 |     656 |  42.9 |      27 |       2 |   6.9
        D:8 |    1497 |       0 |   0.0 |      19 |       0 |   0.0
        D:9 |    4027 |    1411 |  25.9 |      49 |       4 |   7.5
       D:10 |    2787 |       0 |   0.0 |      29 |       0 |   0.0
     Lair:1 |    1623 |    2044 |  55.7 |      10 |      18 |  64.3
     Lair:2 |    4665 |    4779 |  50.6 |      25 |      13 |  34.2
     Lair:3 |    9425 |    1311 |  12.2 |      32 |       5 |  13.5
     Lair:4 |    6833 |    1829 |  21.1 |      31 |       8 |  20.5
     Lair:5 |    6539 |     956 |  12.8 |      19 |       1 |   5.0
     Lair:6 |    7107 |    8064 |  53.2 |      27 |      32 |  54.2
            +---------+---------+-------+---------+---------+-------
